 Dungeon Crawl Stone Soup version 0.24.0-13-gcf9b319 (webtiles) character file.

Game seed: 11243895544533388377, levelgen mode: deterministic

23 Fortress the Grave Robber (level 2, -3/19 HPs)
             Began as a Vampire Necromancer on Jan 7, 2020.
             Slain by a hobgoblin
             ... wielding a +0 club
              (4 damage)
             ... on level 1 of the Dungeon.
             The game lasted 00:02:49 (605 turns).

Fortress the Grave Robber (Vampire Necromancer)      Turns: 605, Time: 00:02:49

Health: -3/19      AC:  2    Str:  7    XL:     2   Next: 72%
Magic:  2/5        EV: 13    Int: 17    God:
Gold:   10         SH:  0    Dex: 14    Spells: 4/5 levels left

rFire    . . .     SeeInvis +   c - +0 dagger (vamp)
rCold    . . .     Gourm    .   (no shield)
rNeg     . . .     Faith    .   a - +0 robe
rPois    .         Spirit   .   (no helmet)
rElec    .         Reflect  .   (no cloak)
rCorr    .         Harm     .   (no gloves)
MR       .....                  (no boots)
Stlth    ++........             (no amulet)
HPRegen  0.26/turn              (no ring)
MPRegen  0.09/turn              (no ring)

@: regenerating quickly
A: no food, fangs 3, see invisible, unbreathing
a: Exsanguinate


You were on level 1 of the Dungeon.
You were alive.

You visited 1 branch of the dungeon, and saw 1 of its levels.

You collected 10 gold pieces.

Inventory:

Hand Weapons
 c - a +0 vampiric dagger (weapon)
Armour
 a - a +0 robe (worn)
Scrolls
 b - a scroll of remove curse {unknown}


   Skills:
 + Level 0.1 Fighting
 + Level 0.3 Short Blades
 + Level 2.4 Dodging
 + Level 3.2 Stealth
 + Level 0.6 Unarmed Combat
 + Level 2.0 Spellcasting
 + Level 4.9 Necromancy


You had 4 spell levels left.
You knew the following spells:

 Your Spells              Type           Power        Failure   Level  Hunger
a - Pain                  Necr           ###.         2%          1    N/A

Your spell library contained the following spells:

 Spells                   Type           Power        Failure   Level  Hunger
 Animate Skeleton         Necr           N/A          2%          1    N/A
 Vampiric Draining        Necr           ###.......   8%          3    N/A
 Regeneration             Chrm/Necr      ##........   22%         3    N/A
 Animate Dead             Necr           N/A          26%         4    N/A

Dungeon Overview and Level Annotations

Branches:
Dungeon (1/15)

Altars:


Innate Abilities, Weirdness & Mutations

You do not eat.
Your natural rate of healing is unusually fast.
You have razor-sharp teeth.
You have supernaturally acute eyesight. (SInv)
You can survive without breathing.


Message History

Aiming: Pain (safe; 2% risk of failure)
Press: ? - help, Shift-Dir - straight line, f - goblin
Aim: a goblin, wielding a +0 club (chance to defeat MR: 89%)
The goblin writhes in agony.
You kill the goblin!
The hobgoblin hits you with a +0 club.
Casting: Pain (safe; 2% risk of failure)
Confirm with . or Enter, or press ? or * to list all spells.
Aiming: Pain (safe; 2% risk of failure)
Press: ? - help, Shift-Dir - straight line, f - hobgoblin
Aim: a hobgoblin, wielding a +0 club (chance to defeat MR: 89%)
The hobgoblin writhes in agony.
The hobgoblin hits you with a +0 club.
* * * LOW HITPOINT WARNING * * *
Casting: Pain (safe; 2% risk of failure)
Confirm with . or Enter, or press ? or * to list all spells.
Aiming: Pain (safe; 2% risk of failure)
Press: ? - help, Shift-Dir - straight line, f/p - hobgoblin
Aim: a hobgoblin, wielding a +0 club (almost dead, chance to defeat MR: 89%)
The hobgoblin barely resists.
The hobgoblin hits you with a +0 club.
You die...

##.....########
#####.#.#. ########
#....... ...#.#.#. #
#....... ...#.#.#. #
#......# ##..#.#.#. #
#......# ..#..#.#.#.
#
#.....###.###..#.#.#.
#
#..............#.#.#)
#
#..)...##.####.#.#.#.
#
#...@).##[.......#.#.
#
#....g.#######.###.#.
#
####'#.#.....#.....#.
#.#.#.8.8.#####...
#.# #..8...## #.##
################.#
#.8.8...###.#
.................#
#......(.##.#
##################
#.###.⌠.⌠.#.#
#.#.#.....#.#


You could see a hobgoblin.

Vanquished Creatures
  An ooze (D:1)
  A bat (D:1)
  A giant cockroach (D:1)
  A hobgoblin (D:1)
  4 jackals (D:1)
  5 kobolds (D:1)
  2 frilled lizards (D:1)
  A goblin (D:1)
  A rat (D:1)
17 creatures vanquished.

Notes
Turn   | Place    | Note
-------+----------+-------------------------------------------
     0 | D:1      | Fortress the Vampire Necromancer began the quest for the
                  | Orb.
     0 | D:1      | Reached XP level 1. HP: 13/13 MP: 3/3
   173 | D:1      | Reached XP level 2. HP: 13/19 MP: 5/5
   605 | D:1      | Slain by a hobgoblin

Levels and vault maps discovered:
D:1:      ncdulo_halloftheorcs, layout_basic

Action                   || total
-------------------------++-------
Melee: Unarmed           ||    43
       Bite              ||     8
       Dagger            ||    74
 Cast: Pain              ||    13
 Stab: Sleeping          ||     4
Armor: Robe              ||    19
Dodge: Dodged            ||    89
